 Dungeon Crawl Stone Soup version 0.19.1-1-g22dce08 (webtiles) character file.

1562 Firecrotchwizard the Destroyer (level 8, -1/41 HPs)
             Began as a Deep Elf Conjurer on Dec 29, 2016.
             Slain by Duvessa
             ... wielding a +0 short sword of holy wrath
              (11 damage)
             ... on level 7 of the Dungeon.
             The game lasted 00:22:48 (6861 turns).

Firecrotchwizard the Destroyer (Deep Elf Conjurer)  Turns: 6861, Time: 00:22:49

Health: -1/41      AC:  6    Str:  7    XL:     8   Next: 58%
Magic:  3/20       EV: 13    Int: 23    God:
Gold:   337        SH:  0    Dex: 15    Spells: 5 memorised, 5 levels left

rFire  . . .     SeeInvis .     d - +1 club
rCold  + . .     Gourm    .     a - +2 robe
rNeg   . . .     Faith    .     (no shield)
rPois  .         Spirit   .     o - +2 hat
rElec  .         Reflect  .     (no cloak)
rCorr  .         Harm     .     (no gloves)
MR     .....                    (no boots)
Stlth  ++........               (no amulet)
                                v - +2 ring of strength
                                t - ring of protection from cold

@: no status effects
A: no striking features
a: no special abilities


You were on level 7 of the Dungeon.
You were not hungry.

You visited 1 branch of the dungeon, and saw 7 of its levels.

You collected 337 gold pieces.

Inventory:

Hand Weapons
 d - a +1 club (weapon)
 l - the +9 short sword "Xoarchinn" {speed, +Fly MP-9 Str+2 Int+4}
   (You found it on level 6 of the Dungeon)

   Attacks with this weapon are significantly faster.
   It affects your strength (+2).
   It affects your intelligence (+4).
   It affects your magic capacity (-9).
   It lets you fly.
Armour
 a - a +2 robe (worn)
 o - a +2 hat (worn)
Jewellery
 t - a ring of protection from cold (left hand)
 v - a +2 ring of strength (right hand)
Wands
 x - a wand of slowing (41/48)
Scrolls
 e - 3 scrolls of identify
 i - a scroll of remove curse
 j - a scroll of blinking {unknown}
 p - a scroll of enchant weapon
Potions
 h - 2 potions of ambrosia
 k - a potion of haste {unknown}
 m - a potion of resistance {unknown}
 q - 3 potions of lignification
 r - a potion of mutation {unknown}
 z - 2 potions of curing {unknown}
Books
 b - a book of Conjurations

   Spells                             Type                      Level
   a - Magic Dart                     Conjuration                  1
   b - Searing Ray                    Conjuration                  2
   c - Dazzling Spray                 Conjuration/Hexes            3
   d - Fulminant Prism                Conjuration/Hexes            4
   e - Iskenderun's Mystic Blast      Conjuration                  4
   f - Iskenderun's Battlesphere      Conjuration/Charms           5
 n - a book of Necromancy

   Spells                             Type                      Level
   a - Pain                           Necromancy                   1
   b - Animate Skeleton               Necromancy                   1
   c - Vampiric Draining              Necromancy                   3
   d - Regeneration                   Charms/Necromancy            3
   e - Animate Dead                   Necromancy                   4
   f - Control Undead                 Necromancy                   4
Comestibles
 c - 6 bread rations
 f - 2 meat rations
 s - a chunk of flesh


   Skills:
 - Level 2.4 Dodging
 - Level 2.4 Stealth
 + Level 6.9 Spellcasting
 * Level 9.1 Conjurations
 * Level 8.0 Charms
 + Level 2.8 Evocations


You had 5 spell levels left.
You knew the following spells:

 Your Spells              Type           Power        Failure   Level  Hunger
a - Magic Dart            Conj           ####         1%          1    None
b - Searing Ray           Conj           ######       1%          2    None
c - Iskenderun's Mystic   Conj           ######..     1%          4    ###....
d - Iskenderun's Battles  Conj/Chrm      #####...     10%         5    #####..
e - Regeneration          Chrm/Necr      ####......   6%          3    None


Dungeon Overview and Level Annotations

Branches:
Dungeon (7/15)
 Temple: D:4-7

Altars:
Ashenzari
Elyvilon
Gozag
Kikubaaqudgha
Qazlal
Zin

Shops:
D:5 (

Annotations:
D:3 zachydoo's ghost, amateur DrWn
D:7 Duvessa


Message History

The magic dart hits Duvessa.
Duvessa is lightly wounded.
Duvessa looks more energetic.
Your battlesphere fires!
The barrage of energy hits Duvessa.
Duvessa is lightly wounded.
Duvessa hits you with a short sword of holy wrath.
* * * LOW HITPOINT WARNING * * *
Casting: Magic Dart
Confirm with . or Enter, or press ? or * to list all spells.
Aiming: Magic Dart
Press: ? - help, Shift-Dir - straight line, f/p - Duvessa
Aim: Duvessa, wielding a short sword of holy wrath and wearing a leather armour (lightly wounded, fast)
The magic dart hits Duvessa.
Duvessa is lightly wounded.
Your battlesphere fires!
The barrage of energy hits Duvessa.
Duvessa is heavily wounded.
Duvessa hits you with a short sword of holy wrath!
You die...

................
...............
#.............
#.............
#.............
#.............
####รท##.......
#########....#.......
#...@e.'.....+.......
#......#.....#.......
#.*....###+###.......
##<....# ...........
####### ....#####..
..... .### ..... ....
.... .... .##.


You could see Duvessa and a friendly battlesphere.

Vanquished Creatures
  A hippogriff (D:7)
  Eustachio (D:5)
  Menkaure (D:5)
  2 ice beasts
  A sky beast (D:6)
  A phantom (D:7)
  An ogre (D:5)
  Dowan (D:7)
  A crimson imp (D:6)
  2 jellies
  A centaur skeleton (D:5)
  An orc priest (D:4)
  A hound (D:6)
  An iguana (D:5)
  3 worker ants (D:5)
  3 orc wizards (D:4)
  A hound zombie (D:7)
  2 hound skeletons
  8 adders
  2 oozes
  An adder zombie (D:5)
  2 adder skeletons (D:4)
  5 worms
  A dart slug (D:3)
  6 leopard geckos
  20 orcs
  5 giant cockroaches
  8 hobgoblins
  13 jackals
  3 quokkas
  4 bats
  10 frilled lizards
  6 goblins
  6 kobolds
  A leopard gecko skeleton (D:4)
  9 rats
135 creatures vanquished.

Notes
Turn   | Place    | Note
-------+----------+-------------------------------------------
     0 | D:1      | Firecrotchwizard the Deep Elf Conjurer began the quest for the Orb.
     0 | D:1      | Reached XP level 1. HP: 10/10 MP: 6/6
   270 | D:1      | Reached XP level 2. HP: 15/15 MP: 6/8
   489 | D:1      | Reached skill level 5 in Conjurations
   548 | D:1      | Learned a level 2 spell: Searing Ray
  1011 | D:2      | Reached XP level 3. HP: 19/19 MP: 5/10
  1327 | D:2      | Found a glowing silver altar of Zin.
  1863 | D:3      | Reached XP level 4. HP: 24/24 MP: 10/12
  1958 | D:3      | Learned a level 4 spell: Iskenderun's Mystic Blast
  2013 | D:3      | Found a shattered altar of Ashenzari.
  2322 | D:3      | Reached skill level 6 in Conjurations
  2363 | D:3      | Found a white marble altar of Elyvilon.
  2366 | D:3      | Found an opulent altar of Gozag.
  2366 | D:3      | Found a stormy altar of Qazlal.
  2370 | D:3      | Found an ancient bone altar of Kikubaaqudgha.
  2383 | D:3      | Noticed zachydoo's ghost (amateur DrWn)
  3029 | D:4      | Reached XP level 5. HP: 28/28 MP: 8/13
  3036 | D:4      | Learned a level 5 spell: Iskenderun's Battlesphere
  3146 | D:4      | Reached skill level 1 in Charms
  4098 | D:4      | Reached XP level 6. HP: 32/32 MP: 10/15
  4105 | D:4      | Reached skill level 5 in Spellcasting
  4295 | D:5      | Entered Level 5 of the Dungeon
  4349 | D:5      | Noticed Eustachio
  4517 | D:5      | Killed Eustachio
  4517 | D:5      | Reached skill level 7 in Conjurations
  4649 | D:5      | Noticed an ice beast
  4700 | D:5      | Reached XP level 7. HP: 36/36 MP: 12/17
  4811 | D:5      | Reached skill level 5 in Charms
  4811 | D:5      | Reached skill level 1 in Evocations
  4859 | D:5      | Found Gyeb's Weapon Boutique.
  5035 | D:5      | Noticed Menkaure
  5040 | D:5      | Killed Menkaure
  5040 | D:5      | Reached skill level 8 in Conjurations
  5642 | D:6      | Reached XP level 8. HP: 41/41 MP: 4/19
  5880 | D:6      | Got a slimy short sword
  5881 | D:6      | Identified the +9 short sword "Xoarchinn" {speed, +Fly MP-9 Str+2 Int+4} (You found it on level 6 of the Dungeon)
  5942 | D:6      | Learned a level 3 spell: Regeneration
  6643 | D:7      | Found a stormy altar of Qazlal.
  6643 | D:7      | Noticed a hippogriff
  6680 | D:7      | Killed a hippogriff
  6687 | D:7      | Reached skill level 9 in Conjurations
  6825 | D:7      | Noticed Duvessa
  6825 | D:7      | Noticed Dowan
  6830 | D:7      | Killed Dowan
  6861 | D:7      | Slain by Duvessa

Skill      XL: |  1  2  3  4  5  6  7  8 |
---------------+-------------------------+-----
Conjurations   | 5 6 7 8 9 |  9.1
Spellcasting   | 4 5 6 |  6.9
Charms         | 3 4 6 8 |  8.0
Evocations     | 1 2 |  2.8
Dodging        | |  2.4
Stealth        | |  2.4

Action                   |  1- 3 |  4- 6 |  7- 9 || total
-------------------------+-------+-------+-------++-------
Melee: Club              |     4 |    25 |     6 ||    35
 Cast: Magic Dart        |    63 |   142 |    80 ||   285
       Searing Ray       |     2 |     4 |     1 ||     7
       Iskenderun's Myst |       |     3 |     1 ||     4
       Iskenderun's Batt |       |     1 |    13 ||    14
  Use: Scroll            |       |     1 |    12 ||    13
  Eat: Chunk             |     3 |     9 |     5 ||    17
       Meat ration       |       |       |     1 ||     1
       Royal jelly       |       |       |     1 ||     1
Armor: Robe              |     2 |     7 |    13 ||    22
Dodge: Dodged            |     7 |    25 |    18 ||    50
